 Dungeon Crawl Stone Soup version 0.32-a0-913-g739538afd8 (webtiles) character file.

Game seed: 4509578893139712660

9185 Takeo the Skirmisher (level 11, 0/80 HPs)
             Began as a Coglin Hunter on Apr 7, 2024.
             Was an Initiate of Gozag.
             Slain by a cane toad simulacrum (18 damage)
             ... in an ice cave.
             The game lasted 00:13:03 (9124 turns).

Takeo the Skirmisher (Coglin Hunter)                Turns: 9124, Time: 00:13:03

Health: 0/80       AC: 17    Str: 11    XL:     11   Next: 42%
Magic:  8/11       EV: 16    Int:  9    God:    Gozag
Gold:   2209       SH:  0    Dex: 22    Spells: 10/10 levels left

rFire   . . .        a - +2 sling {Bozena}
rCold   . . .        d - +0 sling {Gloria}
rNeg    . . .        e - +3 leather armour
rPois   .            o - +2 helmet
rElec   .            f - +2 cloak {rCorr}
rCorr   +            n - +1 pair of gloves
SInv    .            i - +2 pair of boots
Will    .....        (amulet unavailable)
Stlth   ++           (ring unavailable)
HPRegen 0.33/turn    (ring unavailable)
MPRegen 0.12/turn    (no gizmo)

%: no passive effects
@: gold aura, studying Polearms, revving
A: off-hand wielding, slow wielding, warmup strikes, no jewellery, frail 1,
MP-powered wands
a: Invent Gizmo, Renounce Religion, Potion Petition, Call Merchant, Bribe Branch


You were in an ice cave.
You worshipped Gozag.
Gozag was most pleased with you.
You visited 2 branches of the dungeon, and saw 12 of its levels.
You also visited: Ice Cave.

You collected 2309 gold pieces.
You paid 100 gold pieces to Gozag.

Inventory:

Hand Weapons
 a - a +2 sling (weapon) {Bozena}
 d - a +0 sling (offhand) {Gloria}
Armour
 e - a +3 leather armour (worn)
 f - a +2 cloak of preservation (worn)
 i - a +2 pair of boots (worn)
 n - a +1 pair of gloves (worn)
 o - a +2 helmet (worn)
 w - the +0 robe of Kaushreong {rC+++ Int+3 Archmagi}
   (You found it on level 10 of the Dungeon)

   Int+3:     It affects your intelligence (+3).
   rC+++:     It renders you almost immune to cold.
   Archmagi:  It increases the power of your magical spells.
 y - a +1 ring mail of poison resistance
Wands
 j - a wand of flame (42)
 q - a wand of roots (11)
 x - a wand of paralysis (3)
Scrolls
 c - 2 scrolls of amnesia
 s - 2 scrolls of teleportation
 u - a scroll of vulnerability
Potions
 g - 2 potions of lignification
 h - a potion of resistance
 k - 4 potions of curing
 l - 2 potions of might
 m - 2 potions of magic
 p - a potion of degeneration
 r - a potion of ambrosia
 t - a potion of attraction {unknown}


   Skills:
 + Level 9.1 Fighting
 * Level 12.0 Ranged Weapons
 + Level 8.3 Dodging
 - Level 0.7 Stealth


You had 10 spell levels left.
You didn't know any spells.
Your spell library contained the following spells:

 Spells                   Type           Power      Damage    Failure   Level
 Fugue of the Fallen      Necr           0%         N/A       85%         3
 Ozocubu's Armour         Ice            0%         N/A       85%         3
 Tukima's Dance           Hex            0%         N/A       85%         3
 Dimensional Bullseye     Hex/Tloc       0%         N/A       99%         4
 Iskenderun's Mystic Bla Conj/Tloc 0%             2d3        (+2d1     99%         4
 Summon Blazeheart Golem  Fire/Summ      0%         N/A       99%         4
 Sculpt Simulacrum        Ice/Alch       0%         N/A       100%        6
 Manifold Assault         Tloc           0%         N/A       100%        7
 Orb of Destruction       Conj           0%         9d5       100%        7
 Ozocubu's Refrigeration  Ice            0%         4d7       100%        7
 Spellforged Servitor     Conj/Summ      0%         N/A       100%        7
 Polar Vortex             Ice            0%         N/A       100%        9


Dungeon Overview and Level Annotations

Branches:
Dungeon (11/15)            Temple (1/1) D:6            Lair (0/5) D:8
    Orc (0/2) D:9           IceCv (1/1)

Altars:
Ashenzari
Cheibriados
Dithmenos
Elyvilon
Fedhas
Gozag
Hepliaklqana
Kikubaaqudgha
Makhleb
Nemelex Xobeh
Okawaru
Qazlal
Ru
Sif Muna
Trog
Uskayaw
Vehumet
Wu Jian
Xom
Yredelemnul
Zin
The Shining One

Shops:
D:8 [


Innate Abilities, Weirdness & Mutations

You can wield a second weapon in your off-hand.
It takes a long time for you to wield or remove held weapons.
Your first few attacks do less damage.
You cannot equip rings or amulets.
You are frail. (-10% HP)
You expend magic power (3 MP) to strengthen your wands.


Message History

You shoot a sling bullet.
The sling bullet hits the death yak simulacrum but does no damage.
The death yak simulacrum is heavily damaged.
You shoot a sling bullet.
The sling bullet hits the death yak simulacrum but does no damage.
The death yak simulacrum is heavily damaged.
The death yak simulacrum closely misses you.
The death yak simulacrum misses you.
Aiming: Fastroot
Press: ? - help, Shift-Dir - straight line, f - white ugly thing, p - death yak simulacrum
Aim: a white ugly thing You feel a surge of power!
The roots erupt in riotous growth!
Roots grab the white ugly thing.
Roots grab the death yak simulacrum. x3
The grasping roots constrict the white ugly thing!
The grasping roots constrict the death yak simulacrum.
The grasping roots constrict the death yak simulacrum!
The grasping roots constrict the death yak simulacrum.
The white ugly thing claws you! The white ugly thing freezes you!!
The death yak simulacrum misses you.
The death yak simulacrum escapes!
As you read the scroll of fear, it crumbles to dust.
You assume a fearsome visage.
The death yak simulacrum is unaffected. x2
The white ugly thing looks frightened!
The death yak simulacrum is unaffected.
The polar bear simulacrum is unaffected.
The cane toad simulacrum is unaffected.
The grasping roots constrict the white ugly thing!
The grasping roots constrict the death yak simulacrum. x2
The death yak simulacrum gores you! The death yak simulacrum freezes you!!
* * * LOW HITPOINT WARNING * * *
The roots lose their grip on the white ugly thing.
You feel much better.
The grasping roots constrict the death yak simulacrum!
The death yak simulacrum vaporises!
The grasping roots constrict the death yak simulacrum!
The death yak simulacrum closely misses you.
The cane toad simulacrum hits you!
* * * LOW HITPOINT WARNING * * *
The cane toad simulacrum freezes you!!
You die...
Your body crumbles into a pile of gold.

#######
##..∩..##
#...@Z..#
#...☼ZZ...#
#....Zu.....#
#...........#
#...........#
#.............#
#....ß...ß....#
#......(......#


You could see a white ugly thing (fleeing), 2 death yak simulacra, a cane toad
simulacrum and a polar bear simulacrum.

Vanquished Creatures
  2 two-headed ogres
  A kobold demonologist (D:8)
  A troll (D:10)
  6 yaks (D:10)
  3 wraiths
  4 steam dragons
  A death yak simulacrum (IceCv)
  3 acid dragons
  A water moccasin (D:7)
  11 orc warriors
  A black bear (D:7)
  3 sky beasts
  2 elephant zombies (D:8)
  2 ogres
  7 centaurs
  A kobold brigand (D:8)
  3 bullfrogs
  Blork the orc (D:6)
  A gnoll sergeant (D:7)
  2 scorpions
  5 wights (D:9)
  8 killer bees (D:9)
  3 howler monkeys
  An electric eel (D:8)
  2 jellies (D:5)
  3 hounds
  2 human zombies (D:8)
  A centaur zombie (D:8)
  2 bombardier beetles (D:5)
  A gnoll bouda (D:8)
  8 orc priests
  Crazy Yiuf (D:4)
  A sleepcap (D:4)
  4 iguanas
  18 orc wizards
  2 scorpion zombies (D:8)
  An ogre zombie (D:8)
  A hound zombie (D:8)
  5 howler monkey zombies (D:8)
  Robin (D:3)
  3 adders
  14 gnolls
  4 shadow imps
  2 white imps
  4 ufetubi
  An adder zombie (D:8)
  2 ribbon worms
  3 dart slugs
  52 orcs
  5 bats
  5 endoplasms
  3 giant cockroaches
  12 hobgoblins
  7 jackals
  6 quokkas
  5 frilled lizards
  13 goblins
  6 kobolds
  8 rats
281 creatures vanquished.

Notes
Turn   | Place    | Note
-------+----------+-------------------------------------------
     0 | D:1      | Takeo the Coglin Hunter began the quest for the Orb.
     0 | D:1      | Reached XP level 1. HP: 16/16 MP: 1/1
    61 | D:1      | Reached XP level 2. HP: 22/22 MP: 2/2
   193 | D:1      | Reached skill level 4 in Ranged Weapons
   416 | D:1      | Reached XP level 3. HP: 28/28 MP: 3/3
   681 | D:2      | Reached XP level 4. HP: 32/34 MP: 4/4
   922 | D:2      | Reached XP level 5. HP: 40/41 MP: 5/5
  1166 | D:3      | Noticed Robin
  1187 | D:3      | Killed Robin
  1349 | D:3      | Found a white marble altar of Elyvilon.
  1759 | D:3      | Gained mutation: You are frail. (-10% HP) [potion of
                  | mutation]
  1759 | D:3      | Gained mutation: You expend magic power (3 MP) to
                  | strengthen your wands. [potion of mutation]
  1857 | D:3      | Found a shimmering blue altar of Sif Muna.
  1999 | D:4      | Reached skill level 5 in Ranged Weapons
  2091 | D:4      | Reached XP level 6. HP: 38/42 MP: 6/6
  2408 | D:4      | Found a hide-covered altar of Uskayaw.
  2497 | D:4      | Reached XP level 7. HP: 47/47 MP: 7/7
  2688 | D:4      | Found a runed translucent door.
  2689 | D:4      | Noticed Crazy Yiuf
  2911 | D:4      | Killed Crazy Yiuf
  2912 | D:4      | Reached skill level 6 in Ranged Weapons
  2988 | D:5      | Entered Level 5 of the Dungeon
  3437 | D:5      | Reached XP level 8. HP: 53/54 MP: 8/8
  3545 | D:5      | Reached skill level 7 in Ranged Weapons
  3548 | D:5      | Reached skill level 5 in Fighting
  3944 | D:6      | Found a staircase to the Ecumenical Temple.
  3969 | Temple   | Entered the Ecumenical Temple
  3976 | Temple   | Became a worshipper of Gozag Ym Sagoz the Greedy
  3993 | D:6      | Noticed a wraith
  4009 | D:6      | Killed a wraith
  4013 | D:6      | Reached skill level 5 in Dodging
  4163 | D:6      | Noticed Blork the orc
  4173 | D:6      | Killed Blork the orc
  4197 | D:6      | Reached skill level 8 in Ranged Weapons
  4197 | D:6      | Reached XP level 9. HP: 28/62 MP: 9/9
  4739 | D:7      | Found Zin's Purification Station.
  4742 | D:7      | Found a glowing silver altar of Zin.
  4754 | D:7      | Found a bloodstained altar of Trog.
  4857 | D:7      | Reached skill level 9 in Ranged Weapons
  5213 | D:7      | Found a hazy altar of Hepliaklqana.
  5659 | D:8      | Found a basalt altar of Yredelemnul.
  5694 | D:8      | Found an iron altar of Okawaru.
  5723 | D:8      | Reached XP level 10. HP: 64/71 MP: 3/10
  5899 | D:8      | Found a sacrificial altar of Ru.
  6038 | D:8      | Found a staircase to the Lair.
  6123 | D:8      | Found an ancient bone altar of Kikubaaqudgha.
  6140 | D:8      | Reached skill level 10 in Ranged Weapons
  6462 | D:8      | Noticed a kobold demonologist
  6468 | D:8      | Killed a kobold demonologist
  6660 | D:8      | Found Xukoe's Antique Armour Boutique.
  7647 | D:9      | Noticed a two-headed ogre
  7656 | D:9      | Killed a two-headed ogre
  7657 | D:9      | Reached skill level 11 in Ranged Weapons
  7784 | D:9      | Reached XP level 11. HP: 31/78 MP: 4/11
  7953 | D:9      | Found a staircase to the Orcish Mines.
  8123 | D:10     | Entered Level 10 of the Dungeon
  8149 | D:10     | Found a snail-covered altar of Cheibriados.
  8155 | D:10     | Identified the +0 robe of Kaushreong {rC+++ Int+3 Archmagi}
  9072 | D:11     | Noticed a two-headed ogre
  9081 | D:11     | Killed a two-headed ogre
  9082 | D:11     | Reached skill level 12 in Ranged Weapons
  9108 | D:11     | Found a frozen archway.
  9115 | IceCv    | Entered an ice cave
  9115 | IceCv    | Noticed a white ugly thing
  9124 | IceCv    | Slain by a cane toad simulacrum

Illustrated notes

Levels and vault maps discovered:
D:1:      amcnicky_arrival_double_pillar, layout_basic
D:2:      layout_rooms, serial_forest, infiniplex_forest_straight_4,
          infiniplex_forest_lined_3, infiniplex_forest_end_2,
          infiniplex_forest_clump_double, infiniplex_forest_end_double,
          infiniplex_forest_corner_1, infiniplex_forest_zigzag_1,
          infiniplex_forest_lined_4_way, infiniplex_forest_lined_ring
D:3:      layout_basic, hellmonk_sif_muna_bookshelves,
          mainiacjoe_overflow_catwalk, uniq_robin
D:4:      layout_cave_pools, mainiacjoe_overflow_tiny_flanked,
          uniq_crazy_yiuf_cottage
D:5:      layout_basic, minmay_manual_monstrance
D:6:      layout_cave_pools, minmay_temple_entry_statues, uniq_blork_the_orc
D:7:      layout_basic, mainiacjoe_overflow_surrounded_room, zin_purify,
          kennysheep_mini
D:8:      layout_loops_corners, lemuel_crystal_altar,
          mainiacjoe_overflow_six_doors_small, okawaru_gym_becter,
          lair_entry_dummy, serial_shops, nicolae_shop_crystal,
          kennysheep_cross_bottleneck, reono_crystal_passage,
          grunt_ministairs_7, roadster_capsule_ark_zombie
D:9:      layout_loops_ring, david_orc_4
D:10:     nicolae_whirlpool, layout_loops_ring, cheibriados_altar_1
D:11:     layout_loops_corners, portal_ice_cave_entry_pillars_1,
          nicolae_where_there's_smoke
Temple:   nicolae_temple_no_exploring_needed
IceCv:    ice_cave_statue_garden_transporter

Skill      XL: |  1  2  3  4  5  6  7  8  9 10 11 |
---------------+----------------------------------+-----
Dodging        | 2 3 4 5 6 7 8 |  8.3
Ranged Weapons | 4 5 6 8 9 11 12 | 12.0
Fighting       | 3 4 5 7 8 9 |  9.1
Stealth        | |  0.7

Action                     |  1- 3 |  4- 6 |  7- 9 | 10-12 || total
---------------------------+-------+-------+-------+-------++-------
   Fire: Sling             |   108 |   368 |   638 |   854 ||  1968
  Evoke: Wand              |       |       |     4 |     4 ||     8
    Use: Scroll            |     1 |     7 |     9 |     9 ||    26
         Potion            |       |     3 |     2 |     1 ||     6
 Armour: Leather armour    |    12 |    74 |    91 |   125 ||   302
         Skin              |       |     9 |     5 |       ||    14
  Dodge: Dodged            |    15 |    76 |    93 |   194 ||   378

Table legend: (Time is in decaauts)
 A = Elapsed time spent in this place.
 B = Non-inter-level travel time spent in this place.
 C = Inter-level travel time spent in this place.
 D = Time resting spent in this place.
 E = Time spent auto-exploring this place.
 F = Levels seen in this place.
 G = Mean time per level.
                   A        B        C        D        E       F      G
               +--------+--------+--------+--------+--------+-----+--------+
         Total |   9220 |   8894 |    326 |    145 |   7183 |  13 |  709.2 |
       Dungeon |   9198 |   8885 |    313 |    145 |   7183 |  11 |  836.2 |
        Temple |     14 |      1 |     13 |      0 |      0 |   1 |   14.0 |
      Ice Cave |      7 |      7 |      0 |      0 |      0 |   1 |    7.0 |
               +--------+--------+--------+--------+--------+-----+--------+

Top non-repeatable levels by time:
     D:8: 1580 daAuts
     D:3: 1057 daAuts
     D:9: 993 daAuts
     D:5: 952 daAuts
    D:10: 905 daAuts
     D:4: 898 daAuts
     D:7: 859 daAuts
     D:6: 735 daAuts
     D:2: 566 daAuts
     D:1: 548 daAuts
    D:11: 102 daAuts
  Temple: 14 daAuts
   IceCv: 7 daAuts
